[ AOE2 MATCH · #483589857 ]
UnrankedBurgundians vs Bengalis
[ REPLAY ANALYSIS · EXTRACTED FROM THE RECORDED GAME ]
Feudal
—
Castle
—
Imperial
—
| APM avg | 34.6 |
| APM peak | 239 |
| eAPM avg | 32.9 |
| Villagers / military | 455 / 2571 |
Focus
⚔️ 61.2% · 🌾 38.8%
Flemish Militia ×1347 · Spearman ×668 · Skirmisher ×240 · Hand Cannoneer ×240 · Bombard Cannon ×76 · Trade Cart ×70
Feudal
—
Castle
—
Imperial
—
| APM avg | 25.1 |
| APM peak | 74 |
| eAPM avg | 24.7 |
| Villagers / military | 392 / 1980 |
Focus
⚔️ 64.1% · 🌾 35.9%
Boyar ×1134 · Mangonel ×276 · Scorpion ×227 · Militia ×195 · Trade Cart ×145 · Battering Ram ×88
Feudal
—
Castle
—
Imperial
—
| APM avg | 40.7 |
| APM peak | 90 |
| eAPM avg | 36.2 |
| Villagers / military | 435 / 1907 |
Focus
⚔️ 56.6% · 🌾 43.4%
Battle Elephant ×989 · Elephant Archer ×505 · Armored Elephant ×310 · Scout Cavalry ×80 · Trade Cart ×60 · Mangonel ×15
Feudal
—
Castle
—
Imperial
—
| APM avg | 34.5 |
| APM peak | 75 |
| eAPM avg | 28.2 |
| Villagers / military | 421 / 2075 |
Focus
⚔️ 51.6% · 🌾 48.4%
Battle Elephant ×922 · Ballista Elephant ×390 · Scorpion ×336 · Mangonel ×212 · Trade Cart ×145 · Trebuchet (Packed) ×126
Feudal
—
Castle
—
Imperial
—
| APM avg | 24.2 |
| APM peak | 46 |
| eAPM avg | 21.8 |
| Villagers / military | 258 / 1750 |
Focus
⚔️ 46.4% · 🌾 53.6%
Scorpion ×621 · Teutonic Knight ×550 · Knight ×539 · Trade Cart ×100 · Bombard Cannon ×30 · Mangonel ×5
Feudal
—
Castle
—
Imperial
—
| APM avg | 28.2 |
| APM peak | 94 |
| eAPM avg | 22.7 |
| Villagers / military | 352 / 1748 |
Focus
⚔️ 59.9% · 🌾 40.1%
Boyar ×1512 · Mangonel ×191 · Trade Cart ×75 · Battering Ram ×25 · Scorpion ×20
Feudal
—
Castle
—
Imperial
—
| APM avg | 68.6 |
| APM peak | 540 |
| eAPM avg | 68.3 |
| Villagers / military | 210 / 1278 |
Focus
⚔️ 62.2% · 🌾 37.8%
Iron Pagoda ×1021 · War Wagon ×215 · Trade Cart ×150 · Bombard Cannon ×42
Feudal
—
Castle
—
Imperial
—
| APM avg | 69.9 |
| APM peak | 172 |
| eAPM avg | 69.4 |
| Villagers / military | 192 / 2910 |
Focus
⚔️ 84.0% · 🌾 16.0%
Knight ×1765 · Conquistador ×486 · Scout Cavalry ×481 · Bombard Cannon ×176 · Trade Cart ×79 · Monk ×1
Match map
Initial resources + every placement click. Lines = walls · curves = elevation contours. ◆ gold · ⬟ stone · ● berries · ✦ relic · ◌ wall gap
Your base· ✓ Map-separated
muendo's base· ✓ Map-separated
Peter Aio's base· ✓ Map-separated
747894211's base· ✓ Map-separated
Skyline's base· ✓ Map-separated
99_rocketahip's base· ✓ Map-separated
peanut's base· ✓ Map-separated
rob787726's base· ✓ Map-separated
Smoothed initial terrain · ◌ = detected wall gap · hover for details
Inputs per minute
— tmh5757 - - muendo
Build order — tmh5757
First 150 of 870 actions detected
| 0:17 | Build | Town Center |
| 0:26 | Build | Town Center |
| 0:30 | Create | Villager (Male) ×5 |
| 0:30 | Create | Villager (Male) ×5 |
| 0:30 | Create | Villager (Male) ×5 |
| 0:46 | Build | Town Center |
| 0:51 | Create | Villager (Male) ×5 |
| 0:52 | Create | Villager (Male) ×5 |
| 0:52 | Create | Villager (Male) ×5 |
| 1:03 | Build | Town Center |
| 1:10 | Build | Town Center |
| 1:18 | Build | Town Center |
| 1:22 | Create | Villager (Male) ×5 |
| 1:23 | Create | Villager (Male) ×5 |
| 1:23 | Create | Villager (Male) ×5 |
| 1:39 | Build | Town Center |
| 1:48 | Build | Town Center |
| 1:57 | Build | Town Center |
| 2:04 | Create | Villager (Male) ×5 |
| 2:04 | Create | Villager (Male) ×5 |
| 2:04 | Create | Villager (Male) ×5 |
| 2:11 | Create | Villager (Male) ×5 |
| 2:11 | Create | Villager (Male) ×5 |
| 2:11 | Create | Villager (Male) ×5 |
| 2:15 | Create | Villager (Male) ×3 |
| 2:19 | Create | Villager (Male) ×2 |
| 2:31 | Build | Town Center |
| 2:43 | Create | Villager (Male) ×5 |
| 2:43 | Create | Villager (Male) ×5 |
| 2:43 | Create | Villager (Male) ×5 |
| 2:47 | Create | Villager (Male) ×5 |
| 2:48 | Create | Villager (Male) ×5 |
| 2:48 | Create | Villager (Male) ×5 |
| 2:55 | Create | Villager (Male) ×5 |
| 2:55 | Create | Villager (Male) ×5 |
| 3:02 | Build | Farm |
| 3:04 | Build | Farm |
| 3:07 | Build | Farm |
| 3:11 | Build | Farm |
| 3:15 | Build | Farm |
| 3:25 | Build | House |
| 3:28 | Build | House |
| 3:29 | Build | House |
| 3:29 | Build | House |
| 3:30 | Build | House |
| 3:32 | Build | House |
| 3:33 | Build | House |
| 3:36 | Build | House |
| 3:37 | Build | House |
| 3:38 | Build | House |
| 3:38 | Build | House |
| 3:39 | Build | House |
| 3:40 | Build | House |
| 3:41 | Build | House |
| 3:42 | Build | House |
| 3:44 | Build | House |
| 3:45 | Build | House |
| 3:47 | Build | House |
| 4:02 | Build | Farm |
| 4:05 | Build | Farm |
| 4:08 | Build | Farm |
| 4:11 | Build | Farm |
| 4:14 | Build | Farm |
| 4:18 | Build | Farm |
| 4:22 | Build | Farm |
| 4:25 | Build | Farm |
| 4:28 | Build | Farm |
| 4:31 | Build | Farm |
| 4:35 | Build | Farm |
| 4:38 | Build | Farm |
| 4:42 | Build | Farm |
| 4:45 | Build | Farm |
| 4:49 | Build | Farm |
| 4:53 | Build | Farm |
| 4:57 | Build | Farm |
| 5:01 | Build | Farm |
| 5:05 | Build | Farm |
| 5:09 | Build | Farm |
| 5:13 | Build | Farm |
| 5:17 | Build | Farm |
| 5:30 | Build | Mining Camp |
| 5:36 | Build | Mining Camp |
| 5:43 | Build | Mining Camp |
| 5:57 | Build | Mill |
| 6:03 | Build | Mill |
| 6:08 | Build | Mill |
| 6:12 | Build | Mill |
| 6:17 | Build | Mill |
| 6:37 | Build | Town Center |
| 6:39 | Create | Villager (Male) ×5 |
| 6:40 | Create | Villager (Male) ×5 |
| 6:40 | Create | Villager (Male) ×5 |
| 6:40 | Create | Villager (Male) ×5 |
| 6:58 | Build | Market |
| 7:06 | Build | Market |
| 7:25 | Build | House |
| 7:29 | Build | House |
| 7:30 | Build | House |
| 7:31 | Build | House |
| 7:33 | Build | House |
| 7:34 | Build | House |
| 7:35 | Build | House |
| 7:36 | Build | House |
| 7:37 | Build | House |
| 7:38 | Build | House |
| 7:39 | Build | House |
| 7:40 | Build | House |
| 7:41 | Build | House |
| 7:42 | Build | House |
| 7:43 | Build | House |
| 7:45 | Build | House |
| 7:46 | Build | House |
| 7:48 | Build | House |
| 8:08 | Build | Town Center |
| 8:12 | Create | Villager (Male) |
| 8:13 | Create | Villager (Male) ×5 |
| 8:13 | Create | Villager (Male) ×5 |
| 8:21 | Create | Villager (Male) ×4 |
| 8:22 | Create | Villager (Male) ×4 |
| 8:36 | Create | Villager (Male) ×5 |
| 8:36 | Create | Villager (Male) ×5 |
| 8:36 | Create | Villager (Male) ×5 |
| 8:42 | Create | Villager (Male) ×5 |
| 8:42 | Create | Villager (Male) ×5 |
| 8:42 | Create | Villager (Male) ×5 |
| 8:48 | Create | Villager (Male) ×5 |
| 8:48 | Create | Villager (Male) ×5 |
| 8:52 | Create | Villager (Male) ×5 |
| 8:52 | Create | Villager (Male) ×5 |
| 8:53 | Create | Villager (Male) ×5 |
| 8:53 | Create | Villager (Male) ×5 |
| 9:00 | Create | Villager (Male) ×5 |
| 9:00 | Create | Villager (Male) ×5 |
| 9:00 | Create | Villager (Male) ×5 |
| 9:07 | Create | Villager (Male) ×5 |
| 9:07 | Create | Villager (Male) ×5 |
| 9:07 | Create | Villager (Male) ×5 |
| 9:34 | Build | Lumber Camp |
| 9:48 | Build | Lumber Camp |
| 9:52 | Create | Villager (Male) |
| 9:53 | Create | Villager (Male) |
| 9:53 | Create | Villager (Male) |
| 9:56 | Create | Villager (Male) |
| 9:56 | Create | Villager (Male) |
| 9:57 | Create | Villager (Male) |
| 9:57 | Create | Villager (Male) |
| 9:57 | Create | Villager (Male) |
| 9:58 | Create | Villager (Male) |
| 9:58 | Create | Villager (Male) |
| 9:58 | Create | Villager (Male) |
Build order — muendo
First 150 of 847 actions detected
| 0:06 | Create | Villager (Male) ×5 |
| 0:07 | Create | Villager (Male) ×5 |
| 0:07 | Create | Villager (Male) ×5 |
| 0:07 | Create | Villager (Male) ×5 |
| 0:14 | Build | Town Center |
| 0:16 | Build | Town Center |
| 0:17 | Build | Town Center |
| 0:17 | Build | Town Center |
| 0:18 | Build | Town Center |
| 0:18 | Build | Town Center |
| 0:19 | Build | Town Center |
| 0:19 | Build | Town Center |
| 0:20 | Build | Town Center |
| 0:20 | Build | Town Center |
| 0:21 | Build | Town Center |
| 0:22 | Build | Town Center |
| 0:22 | Build | Town Center |
| 0:23 | Build | Town Center |
| 0:23 | Build | Town Center |
| 0:23 | Build | Town Center |
| 0:24 | Build | Town Center |
| 0:26 | Build | Town Center |
| 0:27 | Build | Town Center |
| 0:28 | Build | Town Center |
| 0:28 | Build | Town Center |
| 0:29 | Build | Town Center |
| 0:30 | Build | Town Center |
| 0:30 | Build | Town Center |
| 0:31 | Build | Town Center |
| 0:32 | Build | Town Center |
| 0:32 | Build | Town Center |
| 0:33 | Build | Town Center |
| 0:33 | Build | Town Center |
| 0:35 | Build | Town Center |
| 0:35 | Build | Town Center |
| 0:36 | Build | Town Center |
| 0:36 | Build | Town Center |
| 0:39 | Build | Town Center |
| 0:40 | Build | Town Center |
| 0:40 | Build | Town Center |
| 0:40 | Build | Town Center |
| 0:41 | Build | Town Center |
| 0:41 | Build | Town Center |
| 0:41 | Build | Town Center |
| 0:42 | Build | Town Center |
| 0:42 | Build | Town Center |
| 0:43 | Build | Town Center |
| 0:43 | Build | Town Center |
| 0:44 | Build | Town Center |
| 0:44 | Build | Town Center |
| 0:45 | Build | Town Center |
| 0:47 | Build | Town Center |
| 0:48 | Build | Town Center |
| 1:00 | Create | Villager (Male) ×5 |
| 1:00 | Create | Villager (Male) ×5 |
| 1:01 | Create | Villager (Male) ×5 |
| 1:01 | Create | Villager (Male) ×5 |
| 1:01 | Create | Villager (Male) ×5 |
| 1:01 | Create | Villager (Male) ×5 |
| 1:02 | Create | Villager (Male) ×5 |
| 1:02 | Create | Villager (Male) ×2 |
| 1:30 | Build | Market |
| 1:31 | Build | Market |
| 1:33 | Build | Market |
| 1:36 | Build | Market |
| 1:37 | Build | Market |
| 1:37 | Build | Market |
| 1:37 | Build | Market |
| 1:40 | Build | Market |
| 1:40 | Build | Market |
| 1:40 | Build | Market |
| 1:41 | Build | Market |
| 1:41 | Build | Market |
| 1:42 | Build | Market |
| 1:43 | Build | Market |
| 1:43 | Build | Market |
| 1:46 | Build | Market |
| 1:47 | Build | Market |
| 1:47 | Build | Market |
| 1:48 | Build | Market |
| 1:48 | Build | Market |
| 1:48 | Build | Market |
| 1:50 | Build | Market |
| 1:50 | Build | Market |
| 1:51 | Build | Market |
| 1:51 | Build | Market |
| 1:51 | Build | Market |
| 1:58 | Create | Villager (Male) ×5 |
| 1:58 | Create | Villager (Male) ×5 |
| 1:58 | Create | Villager (Male) ×5 |
| 1:59 | Create | Villager (Male) ×5 |
| 1:59 | Create | Villager (Male) ×5 |
| 1:59 | Create | Villager (Male) ×5 |
| 2:00 | Create | Villager (Male) ×5 |
| 2:00 | Create | Villager (Male) ×5 |
| 2:29 | Create | Villager (Male) ×5 |
| 2:30 | Create | Villager (Male) ×5 |
| 2:30 | Create | Villager (Male) ×5 |
| 2:30 | Create | Villager (Male) ×5 |
| 2:39 | Build | House |
| 2:39 | Build | House |
| 2:40 | Build | House |
| 2:40 | Build | House |
| 2:40 | Build | House |
| 2:41 | Build | House |
| 2:41 | Build | House |
| 2:41 | Build | House |
| 2:42 | Build | House |
| 2:42 | Build | House |
| 2:51 | Create | Villager (Male) ×5 |
| 2:51 | Create | Villager (Male) ×5 |
| 2:52 | Create | Villager (Male) ×5 |
| 2:52 | Create | Villager (Male) ×5 |
| 2:52 | Create | Villager (Male) ×5 |
| 2:52 | Create | Villager (Male) ×5 |
| 2:53 | Create | Villager (Male) ×5 |
| 2:53 | Create | Villager (Male) ×5 |
| 3:14 | Build | Stone Wall |
| 3:18 | Build | Gate |
| 3:20 | Build | Gate |
| 3:25 | Build | Gate |
| 3:32 | Create | Villager (Male) ×5 |
| 3:32 | Create | Villager (Male) ×5 |
| 3:32 | Create | Villager (Male) ×5 |
| 3:32 | Create | Villager (Male) ×5 |
| 3:33 | Create | Villager (Male) ×5 |
| 3:33 | Create | Villager (Male) ×5 |
| 3:33 | Create | Villager (Male) ×5 |
| 3:34 | Create | Villager (Male) ×5 |
| 3:34 | Create | Villager (Male) ×5 |
| 3:34 | Create | Villager (Male) ×5 |
| 3:34 | Create | Villager (Male) ×5 |
| 3:35 | Create | Villager (Male) ×5 |
| 3:35 | Create | Villager (Male) ×5 |
| 4:02 | Build | Lumber Camp |
| 4:09 | Build | Lumber Camp |
| 4:18 | Build | Lumber Camp |
| 4:23 | Create | Villager (Male) ×5 |
| 4:23 | Create | Villager (Male) ×5 |
| 4:23 | Create | Villager (Male) ×5 |
| 4:24 | Create | Villager (Male) ×5 |
| 4:24 | Create | Villager (Male) ×5 |
| 4:24 | Create | Villager (Male) ×5 |
| 4:25 | Create | Villager (Male) ×5 |
| 4:25 | Create | Villager (Male) ×5 |
| 4:26 | Create | Villager (Male) ×5 |
| 4:26 | Create | Villager (Male) ×5 |
| 4:30 | Build | Lumber Camp |
| 4:39 | Build | Lumber Camp |
| 4:52 | Build | Lumber Camp |
Build order — Peter Aio
First 150 of 800 actions detected
| 0:06 | Build | Town Center |
| 0:07 | Build | Town Center |
| 0:08 | Build | Town Center |
| 0:10 | Build | Town Center |
| 0:11 | Build | Town Center |
| 0:12 | Build | Town Center |
| 0:14 | Build | Town Center |
| 0:15 | Build | Town Center |
| 0:17 | Build | Town Center |
| 0:18 | Build | Town Center |
| 0:19 | Build | Town Center |
| 0:20 | Build | Town Center |
| 0:22 | Build | Town Center |
| 0:23 | Build | Town Center |
| 0:25 | Build | Town Center |
| 0:26 | Build | Town Center |
| 0:28 | Build | Town Center |
| 0:29 | Build | Town Center |
| 0:30 | Build | Town Center |
| 0:32 | Build | Town Center |
| 0:32 | Build | Town Center |
| 0:33 | Build | Town Center |
| 0:35 | Build | Town Center |
| 0:36 | Build | Town Center |
| 0:37 | Build | Town Center |
| 0:41 | Build | Town Center |
| 0:44 | Build | Town Center |
| 0:45 | Build | Town Center |
| 0:47 | Build | Town Center |
| 0:49 | Build | Town Center |
| 0:50 | Build | Town Center |
| 0:51 | Build | Town Center |
| 0:52 | Build | Town Center |
| 0:55 | Build | Town Center |
| 0:56 | Build | Town Center |
| 0:57 | Create | Villager (Male) ×5 |
| 0:58 | Create | Villager (Male) ×5 |
| 0:58 | Create | Villager (Male) ×5 |
| 0:59 | Create | Villager (Male) ×5 |
| 0:59 | Create | Villager (Male) ×5 |
| 0:59 | Create | Villager (Male) ×5 |
| 1:00 | Create | Villager (Male) ×5 |
| 1:36 | Create | Villager (Male) ×5 |
| 1:36 | Create | Villager (Male) ×5 |
| 1:37 | Create | Villager (Male) ×5 |
| 1:46 | Build | House |
| 1:46 | Build | House |
| 1:47 | Build | House |
| 1:47 | Build | House |
| 1:47 | Build | House |
| 1:48 | Build | House |
| 1:48 | Build | House |
| 1:49 | Build | House |
| 1:49 | Build | House |
| 2:09 | Build | Market |
| 2:10 | Build | Market |
| 2:11 | Build | Market |
| 2:12 | Build | Market |
| 2:13 | Build | Market |
| 2:14 | Build | Market |
| 2:16 | Build | Market |
| 2:17 | Create | Villager (Male) ×5 |
| 2:18 | Create | Villager (Male) ×5 |
| 2:18 | Create | Villager (Male) ×5 |
| 2:19 | Create | Villager (Male) ×5 |
| 2:19 | Create | Villager (Male) ×5 |
| 2:19 | Create | Villager (Male) ×5 |
| 2:20 | Create | Villager (Male) ×5 |
| 2:20 | Create | Villager (Male) ×5 |
| 3:04 | Build | Town Center |
| 3:07 | Build | Town Center |
| 3:34 | Create | Villager (Male) ×5 |
| 3:34 | Create | Villager (Male) ×5 |
| 3:34 | Create | Villager (Male) ×5 |
| 3:35 | Create | Villager (Male) ×5 |
| 3:35 | Create | Villager (Male) ×5 |
| 3:36 | Create | Villager (Male) ×5 |
| 3:36 | Create | Villager (Male) ×5 |
| 3:36 | Create | Villager (Male) ×5 |
| 3:37 | Create | Villager (Male) ×5 |
| 3:37 | Create | Villager (Male) ×5 |
| 3:38 | Create | Villager (Male) ×5 |
| 3:38 | Create | Villager (Male) ×5 |
| 3:38 | Create | Villager (Male) ×5 |
| 3:39 | Create | Villager (Male) ×5 |
| 3:39 | Create | Villager (Male) ×5 |
| 3:40 | Create | Villager (Male) ×5 |
| 3:40 | Create | Villager (Male) ×5 |
| 3:40 | Create | Villager (Male) ×5 |
| 3:41 | Create | Villager (Male) ×5 |
| 3:53 | Build | Farm |
| 3:53 | Build | Farm |
| 3:54 | Build | Farm |
| 3:54 | Build | Farm |
| 3:55 | Build | Farm |
| 3:55 | Build | Farm |
| 3:55 | Build | Farm |
| 3:56 | Build | Farm |
| 3:56 | Build | Farm |
| 3:56 | Build | Farm |
| 3:57 | Build | Farm |
| 3:57 | Build | Farm |
| 3:58 | Build | Farm |
| 3:58 | Build | Farm |
| 3:59 | Build | Farm |
| 3:59 | Build | Farm |
| 4:02 | Build | Farm |
| 4:02 | Build | Farm |
| 4:02 | Build | Farm |
| 4:03 | Build | Farm |
| 4:03 | Build | Farm |
| 4:04 | Build | Farm |
| 4:04 | Build | Farm |
| 4:04 | Build | Farm |
| 4:05 | Build | Farm |
| 4:05 | Build | Farm |
| 4:06 | Build | Farm |
| 4:06 | Build | Farm |
| 4:07 | Build | Farm |
| 4:07 | Build | Farm |
| 4:07 | Build | Farm |
| 4:09 | Create | Villager (Male) ×5 |
| 4:10 | Create | Villager (Male) ×5 |
| 4:10 | Create | Villager (Male) ×5 |
| 4:11 | Create | Villager (Male) ×5 |
| 4:11 | Create | Villager (Male) ×5 |
| 4:11 | Create | Villager (Male) ×5 |
| 4:12 | Create | Villager (Male) ×5 |
| 4:12 | Create | Villager (Male) ×5 |
| 4:13 | Create | Villager (Male) ×5 |
| 4:13 | Create | Villager (Male) ×5 |
| 4:13 | Create | Villager (Male) ×5 |
| 4:31 | Build | Lumber Camp |
| 4:32 | Build | Lumber Camp |
| 4:35 | Build | Lumber Camp |
| 4:37 | Build | Lumber Camp |
| 4:39 | Build | Lumber Camp |
| 4:50 | Build | Lumber Camp |
| 4:51 | Build | Lumber Camp |
| 4:53 | Build | Lumber Camp |
| 4:53 | Build | Lumber Camp |
| 4:55 | Build | Lumber Camp |
| 4:56 | Build | Lumber Camp |
| 4:58 | Build | Lumber Camp |
| 5:00 | Build | Lumber Camp |
| 5:02 | Create | Villager (Male) ×5 |
| 5:02 | Create | Villager (Male) ×5 |
| 5:03 | Create | Villager (Male) ×5 |
| 5:03 | Create | Villager (Male) ×5 |
| 5:04 | Create | Villager (Male) ×5 |
Build order — 747894211
First 150 of 915 actions detected
| 0:07 | Create | Villager (Male) ×5 |
| 0:08 | Create | Villager (Male) ×5 |
| 0:08 | Create | Villager (Male) ×5 |
| 0:08 | Create | Villager (Male) ×5 |
| 0:09 | Create | Villager (Male) ×5 |
| 0:17 | Build | Town Center |
| 0:19 | Build | Town Center |
| 0:21 | Build | Town Center |
| 0:24 | Build | Town Center |
| 0:34 | Build | Market |
| 0:35 | Build | Market |
| 0:37 | Build | Market |
| 0:38 | Build | Market |
| 0:40 | Build | Market |
| 0:41 | Build | Market |
| 0:43 | Build | Market |
| 0:45 | Build | Market |
| 1:02 | Build | Monastery |
| 1:06 | Build | House |
| 1:07 | Build | House |
| 1:07 | Build | House |
| 1:07 | Build | House |
| 1:08 | Build | House |
| 1:08 | Build | House |
| 1:09 | Build | House |
| 1:09 | Build | House |
| 1:09 | Build | House |
| 1:10 | Build | House |
| 1:11 | Build | House |
| 1:11 | Build | House |
| 1:11 | Build | House |
| 1:12 | Build | House |
| 1:12 | Build | House |
| 1:13 | Build | House |
| 1:13 | Build | House |
| 1:13 | Build | House |
| 1:14 | Build | House |
| 1:14 | Build | House |
| 1:14 | Build | House |
| 1:15 | Build | House |
| 1:15 | Build | House |
| 1:16 | Build | House |
| 1:16 | Build | House |
| 1:16 | Build | House |
| 1:17 | Build | House |
| 1:17 | Build | House |
| 1:17 | Build | House |
| 1:18 | Build | House |
| 1:18 | Build | House |
| 1:19 | Build | House |
| 1:19 | Build | House |
| 1:19 | Build | House |
| 1:20 | Build | House |
| 1:20 | Build | House |
| 1:20 | Build | House |
| 1:21 | Build | House |
| 1:21 | Build | House |
| 1:22 | Build | House |
| 1:22 | Build | House |
| 1:22 | Build | House |
| 1:23 | Build | House |
| 1:26 | Build | House |
| 1:26 | Build | House |
| 1:27 | Build | House |
| 1:27 | Build | House |
| 1:28 | Build | House |
| 1:28 | Build | House |
| 1:28 | Build | House |
| 1:29 | Build | House |
| 1:29 | Build | House |
| 1:29 | Build | House |
| 1:30 | Build | House |
| 1:30 | Build | House |
| 1:30 | Build | House |
| 1:31 | Build | House |
| 1:31 | Build | House |
| 1:32 | Build | House |
| 1:32 | Build | House |
| 1:32 | Build | House |
| 1:33 | Build | House |
| 1:33 | Build | House |
| 1:34 | Build | House |
| 1:34 | Build | House |
| 1:48 | Build | Town Center |
| 1:49 | Build | Town Center |
| 1:52 | Build | Town Center |
| 1:53 | Build | Town Center |
| 1:54 | Build | Town Center |
| 1:57 | Build | Town Center |
| 2:00 | Build | Town Center |
| 2:02 | Build | Town Center |
| 2:04 | Build | Town Center |
| 2:15 | Build | Mining Camp |
| 2:18 | Create | Villager (Male) |
| 2:19 | Create | Villager (Male) ×5 |
| 2:19 | Create | Villager (Male) ×4 |
| 2:19 | Create | Villager (Male) ×4 |
| 2:33 | Create | Villager (Male) |
| 2:34 | Create | Villager (Male) ×5 |
| 2:34 | Create | Villager (Male) ×5 |
| 2:35 | Create | Villager (Male) ×5 |
| 2:35 | Create | Villager (Male) ×5 |
| 2:35 | Create | Villager (Male) ×5 |
| 2:36 | Create | Villager (Male) ×5 |
| 2:36 | Create | Villager (Male) ×5 |
| 2:36 | Create | Villager (Male) ×5 |
| 2:37 | Create | Villager (Male) ×5 |
| 2:37 | Create | Villager (Male) ×5 |
| 2:37 | Create | Villager (Male) ×5 |
| 2:38 | Create | Villager (Male) ×5 |
| 2:45 | Create | Monk |
| 2:45 | Create | Monk |
| 2:46 | Create | Monk |
| 2:46 | Create | Monk |
| 3:06 | Create | Villager (Male) ×4 |
| 3:06 | Create | Villager (Male) ×4 |
| 3:36 | Create | Villager (Male) |
| 3:36 | Create | Villager (Male) ×5 |
| 3:36 | Create | Villager (Male) ×5 |
| 3:37 | Create | Villager (Male) ×5 |
| 3:37 | Create | Villager (Male) ×5 |
| 3:37 | Create | Villager (Male) ×4 |
| 3:48 | Create | Trade Cart ×5 |
| 3:48 | Create | Trade Cart ×5 |
| 3:49 | Create | Trade Cart ×5 |
| 3:49 | Create | Trade Cart ×5 |
| 3:49 | Create | Trade Cart ×5 |
| 3:50 | Create | Trade Cart ×5 |
| 3:50 | Create | Trade Cart ×5 |
| 3:50 | Create | Trade Cart ×5 |
| 3:51 | Create | Trade Cart ×5 |
| 3:51 | Create | Trade Cart ×5 |
| 3:51 | Create | Trade Cart ×5 |
| 3:52 | Create | Trade Cart ×5 |
| 3:52 | Create | Trade Cart ×5 |
| 3:52 | Create | Trade Cart ×5 |
| 3:53 | Create | Trade Cart ×5 |
| 3:53 | Create | Trade Cart ×5 |
| 3:53 | Create | Trade Cart ×5 |
| 4:07 | Build | House |
| 4:08 | Build | House |
| 4:08 | Build | House |
| 4:09 | Build | House |
| 4:10 | Build | House |
| 4:10 | Build | House |
| 4:10 | Build | House |
| 4:11 | Build | House |
| 4:12 | Build | House |
| 4:12 | Build | House |
| 4:12 | Build | House |
Build order — Skyline
First 150 of 685 actions detected
| 0:04 | Create | Villager (Male) ×5 |
| 0:05 | Create | Villager (Male) ×5 |
| 0:05 | Create | Villager (Male) ×5 |
| 0:06 | Create | Villager (Male) ×5 |
| 0:14 | Build | Town Center |
| 0:24 | Build | Town Center |
| 0:41 | Build | Town Center |
| 0:53 | Build | House |
| 0:56 | Build | House |
| 0:58 | Build | House |
| 1:00 | Build | House |
| 1:02 | Build | House |
| 1:03 | Build | House |
| 1:07 | Build | House |
| 1:08 | Build | House |
| 1:12 | Build | House |
| 1:14 | Build | House |
| 1:16 | Build | House |
| 1:18 | Build | House |
| 1:37 | Build | Market |
| 1:47 | Build | Market |
| 1:52 | Build | Market |
| 1:58 | Build | Market |
| 2:02 | Build | Market |
| 2:06 | Build | Market |
| 2:13 | Create | Villager (Male) ×5 |
| 2:13 | Create | Villager (Male) ×5 |
| 2:14 | Create | Villager (Male) ×5 |
| 2:18 | Create | Villager (Male) ×5 |
| 2:18 | Create | Villager (Male) ×5 |
| 2:18 | Create | Villager (Male) ×5 |
| 2:19 | Create | Villager (Male) ×5 |
| 2:27 | Build | Town Center |
| 2:30 | Create | Villager (Male) ×5 |
| 2:30 | Create | Villager (Male) ×5 |
| 2:31 | Create | Villager (Male) ×5 |
| 2:51 | Build | Town Center |
| 3:07 | Build | Town Center |
| 3:11 | Build | Town Center |
| 3:28 | Build | Town Center |
| 3:42 | Build | Town Center |
| 3:47 | Create | Villager (Male) ×5 |
| 3:47 | Create | Villager (Male) ×5 |
| 3:48 | Create | Villager (Male) ×5 |
| 4:03 | Create | Villager (Male) ×5 |
| 4:03 | Create | Villager (Male) ×5 |
| 4:04 | Create | Villager (Male) ×5 |
| 4:11 | Build | Farm |
| 4:16 | Build | Farm |
| 4:17 | Build | Farm |
| 4:18 | Build | Farm |
| 4:19 | Build | Farm |
| 4:21 | Build | Farm |
| 4:22 | Build | Farm |
| 4:23 | Build | Farm |
| 4:23 | Build | Farm |
| 4:24 | Build | Farm |
| 4:25 | Build | Farm |
| 4:27 | Build | Farm |
| 4:28 | Build | Farm |
| 4:30 | Build | Farm |
| 4:31 | Build | Farm |
| 4:33 | Build | Farm |
| 4:34 | Build | Farm |
| 4:35 | Build | Farm |
| 4:36 | Build | Farm |
| 4:38 | Build | Farm |
| 4:40 | Build | Farm |
| 4:41 | Build | Farm |
| 4:42 | Build | Farm |
| 5:02 | Build | House |
| 5:04 | Build | House |
| 5:05 | Build | House |
| 5:07 | Build | House |
| 5:09 | Build | House |
| 5:12 | Build | House |
| 5:14 | Build | House |
| 5:15 | Build | House |
| 5:17 | Build | House |
| 5:31 | Create | Villager (Male) ×5 |
| 5:32 | Create | Villager (Male) ×5 |
| 5:43 | Create | Trade Cart ×5 |
| 5:43 | Create | Trade Cart ×5 |
| 5:44 | Create | Trade Cart ×5 |
| 5:44 | Create | Trade Cart ×5 |
| 5:55 | Create | Trade Cart ×5 |
| 5:55 | Create | Trade Cart ×5 |
| 5:56 | Create | Trade Cart ×5 |
| 5:56 | Create | Trade Cart ×5 |
| 6:09 | Create | Trade Cart ×5 |
| 6:09 | Create | Trade Cart ×5 |
| 6:10 | Create | Trade Cart ×5 |
| 6:10 | Create | Trade Cart ×5 |
| 6:20 | Create | Trade Cart ×5 |
| 6:21 | Create | Trade Cart ×5 |
| 6:21 | Create | Trade Cart ×5 |
| 6:22 | Create | Trade Cart ×5 |
| 6:39 | Create | Trade Cart ×5 |
| 6:39 | Create | Trade Cart ×5 |
| 6:39 | Create | Trade Cart ×5 |
| 6:40 | Create | Trade Cart ×5 |
| 6:59 | Build | Lumber Camp |
| 7:09 | Create | Villager (Male) ×5 |
| 7:09 | Create | Villager (Male) ×5 |
| 7:10 | Create | Villager (Male) ×5 |
| 7:10 | Create | Villager (Male) ×5 |
| 7:16 | Create | Villager (Male) ×5 |
| 7:16 | Create | Villager (Male) ×5 |
| 7:16 | Create | Villager (Male) ×5 |
| 7:22 | Create | Villager (Male) ×5 |
| 7:23 | Create | Villager (Male) ×5 |
| 7:23 | Create | Villager (Male) ×5 |
| 7:23 | Create | Villager (Male) ×5 |
| 7:31 | Create | Villager (Male) ×5 |
| 7:31 | Create | Villager (Male) ×5 |
| 7:32 | Create | Villager (Male) ×5 |
| 8:04 | Build | Mining Camp |
| 8:09 | Create | Villager (Male) ×5 |
| 8:14 | Create | Villager (Male) ×5 |
| 8:26 | Build | Mining Camp |
| 8:34 | Build | Farm |
| 8:35 | Build | Farm |
| 8:37 | Build | Farm |
| 8:38 | Build | Farm |
| 8:40 | Build | Farm |
| 8:42 | Build | Farm |
| 8:43 | Build | Farm |
| 8:46 | Build | Farm |
| 8:47 | Build | Farm |
| 8:49 | Build | Farm |
| 8:50 | Build | Farm |
| 8:59 | Create | Villager (Male) ×5 |
| 9:22 | Build | Lumber Camp |
| 9:45 | Build | House |
| 9:46 | Build | House |
| 9:48 | Build | House |
| 9:50 | Build | House |
| 9:52 | Build | House |
| 9:53 | Build | House |
| 9:55 | Build | House |
| 9:58 | Build | House |
| 9:59 | Build | House |
| 10:01 | Build | House |
| 10:03 | Build | House |
| 10:05 | Build | House |
| 10:06 | Build | House |
| 10:08 | Build | House |
| 10:09 | Build | House |
| 10:11 | Build | House |
| 10:30 | Build | Farm |
Build order — 99_rocketahip
First 150 of 732 actions detected
| 0:05 | Create | Villager (Male) |
| 0:05 | Create | Villager (Male) |
| 0:07 | Build | House |
| 0:08 | Build | House |
| 0:13 | Build | Town Center |
| 0:16 | Build | Town Center |
| 0:25 | Build | Town Center |
| 0:27 | Build | Town Center |
| 0:30 | Build | Town Center |
| 0:32 | Build | Town Center |
| 0:35 | Build | Town Center |
| 0:39 | Build | Town Center |
| 0:42 | Build | Town Center |
| 0:46 | Build | Town Center |
| 0:48 | Build | Town Center |
| 1:05 | Build | Town Center |
| 1:18 | Create | Villager (Male) ×5 |
| 1:19 | Create | Villager (Male) ×5 |
| 1:19 | Create | Villager (Male) ×5 |
| 1:40 | Create | Villager (Male) ×5 |
| 1:40 | Create | Villager (Male) ×5 |
| 1:40 | Create | Villager (Male) ×5 |
| 1:41 | Create | Villager (Male) ×5 |
| 1:41 | Create | Villager (Male) ×5 |
| 1:48 | Build | Farm |
| 1:48 | Build | Farm |
| 1:48 | Build | Farm |
| 1:49 | Build | Farm |
| 1:49 | Build | Farm |
| 1:49 | Build | Farm |
| 1:49 | Build | Farm |
| 1:50 | Build | Farm |
| 1:50 | Build | Farm |
| 1:50 | Build | Farm |
| 1:51 | Build | Farm |
| 1:51 | Build | Farm |
| 1:51 | Build | Farm |
| 1:53 | Build | Farm |
| 1:54 | Build | Farm |
| 1:54 | Build | Farm |
| 1:54 | Build | Farm |
| 1:55 | Build | Farm |
| 1:55 | Build | Farm |
| 1:55 | Build | Farm |
| 1:55 | Build | Farm |
| 1:56 | Build | Farm |
| 1:56 | Build | Farm |
| 2:06 | Create | Villager (Male) |
| 2:06 | Create | Villager (Male) |
| 2:12 | Build | Farm |
| 2:12 | Build | Farm |
| 2:12 | Build | Farm |
| 2:12 | Build | Farm |
| 2:13 | Build | Farm |
| 2:13 | Build | Farm |
| 2:13 | Build | Farm |
| 2:14 | Build | Farm |
| 2:14 | Build | Farm |
| 2:14 | Build | Farm |
| 2:15 | Build | Farm |
| 2:15 | Build | Farm |
| 2:15 | Build | Farm |
| 2:15 | Build | Farm |
| 2:16 | Build | Farm |
| 2:16 | Build | Farm |
| 2:16 | Build | Farm |
| 2:17 | Build | Farm |
| 2:17 | Build | Farm |
| 2:17 | Build | Farm |
| 2:17 | Build | Farm |
| 2:26 | Create | Villager (Male) |
| 2:38 | Create | Villager (Male) |
| 2:39 | Create | Villager (Male) |
| 2:54 | Create | Villager (Male) |
| 2:54 | Create | Villager (Male) |
| 2:54 | Create | Villager (Male) |
| 2:55 | Create | Villager (Male) |
| 2:55 | Create | Villager (Male) |
| 3:01 | Build | Market |
| 3:03 | Build | Market |
| 3:15 | Build | Market |
| 3:17 | Build | Market |
| 3:22 | Build | Market |
| 3:23 | Build | Market |
| 3:32 | Create | Villager (Male) ×5 |
| 3:32 | Create | Villager (Male) ×5 |
| 3:32 | Create | Villager (Male) ×5 |
| 3:33 | Create | Villager (Male) ×5 |
| 3:33 | Create | Villager (Male) ×5 |
| 3:33 | Create | Villager (Male) ×5 |
| 3:36 | Build | Farm |
| 3:36 | Build | Farm |
| 3:36 | Build | Farm |
| 3:37 | Build | Farm |
| 3:37 | Build | Farm |
| 3:37 | Build | Farm |
| 3:37 | Build | Farm |
| 3:38 | Build | Farm |
| 3:38 | Build | Farm |
| 3:38 | Build | Farm |
| 3:39 | Build | Farm |
| 3:39 | Build | Farm |
| 3:39 | Build | Farm |
| 3:40 | Build | Farm |
| 3:40 | Build | Farm |
| 3:49 | Build | Farm |
| 3:49 | Build | Farm |
| 3:49 | Build | Farm |
| 3:50 | Build | Farm |
| 3:50 | Build | Farm |
| 3:50 | Build | Farm |
| 3:50 | Build | Farm |
| 3:51 | Build | Farm |
| 3:51 | Build | Farm |
| 3:51 | Build | Farm |
| 4:10 | Create | Villager (Male) ×5 |
| 4:11 | Create | Villager (Male) ×5 |
| 4:14 | Build | Lumber Camp |
| 4:26 | Build | Lumber Camp |
| 4:32 | Build | Lumber Camp |
| 4:37 | Create | Villager (Male) ×5 |
| 4:37 | Create | Villager (Male) ×5 |
| 4:38 | Create | Villager (Male) ×5 |
| 4:54 | Build | Market |
| 4:57 | Build | Market |
| 5:03 | Build | House |
| 5:04 | Build | House |
| 5:10 | Create | Villager (Male) ×5 |
| 5:10 | Create | Villager (Male) ×5 |
| 5:43 | Create | Trade Cart ×5 |
| 5:44 | Create | Trade Cart ×5 |
| 5:44 | Create | Trade Cart ×5 |
| 5:44 | Create | Trade Cart ×5 |
| 5:45 | Create | Trade Cart ×5 |
| 5:47 | Create | Villager (Male) ×5 |
| 5:47 | Create | Villager (Male) ×5 |
| 5:48 | Create | Villager (Male) ×5 |
| 5:48 | Create | Villager (Male) ×5 |
| 5:48 | Create | Villager (Male) ×5 |
| 5:59 | Build | Castle |
| 6:02 | Build | Castle |
| 6:02 | Build | Castle |
| 6:05 | Build | Castle |
| 6:08 | Build | Castle |
| 6:12 | Build | Castle |
| 6:35 | Build | Castle |
| 6:40 | Build | Castle |
| 6:43 | Create | Villager (Male) ×5 |
| 6:43 | Create | Villager (Male) ×5 |
| 6:44 | Create | Villager (Male) ×5 |
Build order — peanut
First 150 of 451 actions detected
| 0:05 | Create | Villager (Male) ×5 |
| 0:05 | Create | Villager (Male) ×5 |
| 0:06 | Create | Villager (Male) ×5 |
| 0:06 | Create | Villager (Male) ×5 |
| 0:19 | Build | Town Center |
| 0:21 | Build | Town Center |
| 0:24 | Build | Town Center |
| 0:27 | Build | Town Center |
| 0:31 | Build | Town Center |
| 0:34 | Build | Town Center |
| 0:37 | Build | Town Center |
| 0:50 | Create | Villager (Male) ×5 |
| 0:51 | Create | Villager (Male) ×5 |
| 0:51 | Create | Villager (Male) ×5 |
| 0:51 | Create | Villager (Male) ×5 |
| 1:03 | Create | Villager (Male) ×5 |
| 1:04 | Create | Villager (Male) ×5 |
| 1:05 | Create | Villager (Male) ×5 |
| 1:05 | Create | Villager (Male) ×5 |
| 1:16 | Build | House |
| 1:16 | Build | House |
| 1:16 | Build | House |
| 1:17 | Build | House |
| 1:17 | Build | House |
| 1:17 | Build | House |
| 1:18 | Build | House |
| 1:18 | Build | House |
| 1:18 | Build | House |
| 1:18 | Build | House |
| 1:19 | Build | House |
| 1:19 | Build | House |
| 1:19 | Build | House |
| 1:20 | Build | House |
| 1:20 | Build | House |
| 1:22 | Build | House |
| 1:23 | Build | House |
| 1:23 | Build | House |
| 1:24 | Build | House |
| 1:24 | Build | House |
| 1:26 | Build | House |
| 1:36 | Create | Villager (Male) ×5 |
| 1:37 | Create | Villager (Male) ×5 |
| 1:37 | Create | Villager (Male) ×5 |
| 1:37 | Create | Villager (Male) ×5 |
| 1:54 | Create | Villager (Male) ×5 |
| 1:54 | Create | Villager (Male) ×5 |
| 1:55 | Create | Villager (Male) ×5 |
| 1:55 | Create | Villager (Male) ×5 |
| 2:18 | Create | Villager (Male) ×5 |
| 2:19 | Create | Villager (Male) ×5 |
| 2:19 | Create | Villager (Male) ×5 |
| 2:20 | Create | Villager (Male) ×5 |
| 2:31 | Build | Mining Camp |
| 2:43 | Create | Villager (Male) ×5 |
| 2:43 | Create | Villager (Male) ×5 |
| 2:44 | Create | Villager (Male) ×5 |
| 2:44 | Create | Villager (Male) ×5 |
| 2:55 | Build | Mining Camp |
| 3:06 | Create | Villager (Male) ×5 |
| 3:06 | Create | Villager (Male) ×5 |
| 3:07 | Create | Villager (Male) ×5 |
| 3:07 | Create | Villager (Male) ×5 |
| 3:36 | Build | House |
| 3:37 | Build | House |
| 3:39 | Build | House |
| 3:41 | Build | House |
| 3:43 | Build | House |
| 3:44 | Build | House |
| 4:00 | Build | Market |
| 4:01 | Build | Market |
| 4:03 | Build | Market |
| 4:05 | Build | Market |
| 4:07 | Build | Market |
| 4:10 | Build | Market |
| 4:12 | Build | Market |
| 4:16 | Build | Market |
| 4:28 | Build | Lumber Camp |
| 4:40 | Build | Market |
| 4:42 | Build | Market |
| 5:08 | Build | Castle |
| 5:14 | Build | Lumber Camp |
| 5:32 | Build | Mining Camp |
| 6:16 | Build | Market |
| 6:31 | Build | Lumber Camp |
| 6:41 | Build | Lumber Camp |
| 7:00 | Create | Trade Cart ×5 |
| 7:01 | Create | Trade Cart ×5 |
| 7:01 | Create | Trade Cart ×5 |
| 7:01 | Create | Trade Cart ×5 |
| 7:02 | Create | Trade Cart ×5 |
| 7:02 | Create | Trade Cart ×5 |
| 7:02 | Create | Trade Cart ×5 |
| 7:03 | Create | Trade Cart ×5 |
| 7:03 | Create | Trade Cart ×5 |
| 7:03 | Create | Trade Cart ×5 |
| 7:04 | Create | Trade Cart ×5 |
| 7:04 | Create | Trade Cart ×5 |
| 7:04 | Create | Trade Cart ×5 |
| 7:05 | Create | Trade Cart ×5 |
| 7:05 | Create | Trade Cart ×5 |
| 7:05 | Create | Trade Cart ×5 |
| 7:06 | Create | Trade Cart ×5 |
| 7:06 | Create | Trade Cart ×5 |
| 7:06 | Create | Trade Cart ×5 |
| 7:07 | Create | Trade Cart ×5 |
| 7:07 | Create | Trade Cart ×5 |
| 7:07 | Create | Trade Cart ×5 |
| 7:08 | Create | Trade Cart ×5 |
| 7:08 | Create | Trade Cart ×5 |
| 7:08 | Create | Trade Cart ×5 |
| 7:09 | Create | Trade Cart ×5 |
| 7:09 | Create | Trade Cart ×5 |
| 7:09 | Create | Trade Cart ×5 |
| 7:10 | Create | Trade Cart ×5 |
| 7:10 | Create | Trade Cart ×5 |
| 7:29 | Build | Lumber Camp |
| 7:37 | Build | Lumber Camp |
| 7:50 | Build | Lumber Camp |
| 8:23 | Build | Castle |
| 8:35 | Build | Castle |
| 8:38 | Build | Castle |
| 8:51 | Build | Castle |
| 8:54 | Build | Castle |
| 8:57 | Build | Castle |
| 8:59 | Build | Castle |
| 9:22 | Build | Lumber Camp |
| 9:29 | Create | Villager (Male) ×5 |
| 9:30 | Create | Villager (Male) ×5 |
| 9:30 | Create | Villager (Male) ×5 |
| 9:30 | Create | Villager (Male) ×5 |
| 9:30 | Create | Villager (Male) ×5 |
| 9:31 | Create | Villager (Male) ×5 |
| 9:31 | Create | Villager (Male) ×5 |
| 9:31 | Create | Villager (Male) ×5 |
| 9:32 | Create | Villager (Male) ×5 |
| 9:32 | Create | Villager (Male) ×5 |
| 9:48 | Build | House |
| 9:49 | Build | House |
| 9:50 | Build | House |
| 9:52 | Build | House |
| 9:53 | Build | House |
| 9:54 | Build | House |
| 9:55 | Build | House |
| 9:56 | Build | House |
| 10:14 | Build | Lumber Camp |
| 10:32 | Build | Lumber Camp |
| 11:26 | Build | Lumber Camp |
| 11:44 | Build | Lumber Camp |
| 11:58 | Build | Lumber Camp |
| 12:19 | Build | Lumber Camp |
Build order — rob787726
First 150 of 3418 actions detected
| 0:13 | Build | Market |
| 0:17 | Build | Market |
| 0:18 | Build | Market |
| 0:20 | Build | Market |
| 0:22 | Build | Market |
| 0:29 | Create | Villager (Male) |
| 0:29 | Create | Villager (Male) |
| 0:29 | Create | Villager (Male) |
| 0:30 | Create | Villager (Male) |
| 0:30 | Create | Villager (Male) |
| 0:30 | Create | Villager (Male) |
| 0:31 | Create | Villager (Male) |
| 0:31 | Create | Villager (Male) |
| 0:31 | Create | Villager (Male) |
| 0:32 | Create | Villager (Male) |
| 0:32 | Create | Villager (Male) |
| 0:32 | Create | Villager (Male) |
| 0:33 | Create | Villager (Male) |
| 0:33 | Create | Villager (Male) |
| 0:33 | Create | Villager (Male) |
| 0:34 | Create | Villager (Male) |
| 0:46 | Build | Town Center |
| 0:56 | Build | Town Center |
| 1:09 | Build | House |
| 1:10 | Build | House |
| 1:11 | Build | House |
| 1:13 | Build | House |
| 1:14 | Build | House |
| 1:15 | Build | House |
| 1:16 | Build | House |
| 1:18 | Build | House |
| 1:19 | Build | House |
| 1:21 | Build | House |
| 1:24 | Build | House |
| 1:25 | Build | House |
| 1:26 | Build | House |
| 1:28 | Build | House |
| 1:29 | Build | House |
| 1:30 | Build | House |
| 1:45 | Build | Town Center |
| 1:58 | Build | Town Center |
| 2:12 | Build | Town Center |
| 2:24 | Build | Town Center |
| 2:39 | Build | Monastery |
| 2:48 | Create | Villager (Male) |
| 2:48 | Create | Villager (Male) |
| 2:49 | Create | Villager (Male) |
| 2:49 | Create | Villager (Male) |
| 2:49 | Create | Villager (Male) |
| 2:50 | Create | Villager (Male) |
| 2:50 | Create | Villager (Male) |
| 2:50 | Create | Villager (Male) |
| 2:51 | Create | Villager (Male) |
| 2:51 | Create | Villager (Male) |
| 2:51 | Create | Villager (Male) |
| 2:52 | Create | Villager (Male) |
| 2:52 | Create | Villager (Male) |
| 2:52 | Create | Villager (Male) |
| 2:53 | Create | Villager (Male) |
| 2:54 | Create | Villager (Male) |
| 2:54 | Create | Villager (Male) |
| 2:55 | Create | Villager (Male) |
| 2:55 | Create | Villager (Male) |
| 2:55 | Create | Villager (Male) |
| 2:56 | Create | Villager (Male) |
| 2:56 | Create | Villager (Male) |
| 2:56 | Create | Villager (Male) |
| 2:57 | Create | Villager (Male) |
| 2:57 | Create | Villager (Male) |
| 2:57 | Create | Villager (Male) |
| 2:58 | Create | Villager (Male) |
| 2:58 | Create | Villager (Male) |
| 2:58 | Create | Villager (Male) |
| 3:02 | Create | Villager (Male) |
| 3:02 | Create | Villager (Male) |
| 3:03 | Create | Villager (Male) |
| 3:03 | Create | Villager (Male) |
| 3:03 | Create | Villager (Male) |
| 3:04 | Create | Villager (Male) |
| 3:04 | Create | Villager (Male) |
| 3:04 | Create | Villager (Male) |
| 3:05 | Create | Villager (Male) |
| 3:05 | Create | Villager (Male) |
| 3:05 | Create | Villager (Male) |
| 3:06 | Create | Villager (Male) |
| 3:15 | Create | Villager (Male) |
| 3:15 | Create | Villager (Male) |
| 3:16 | Create | Villager (Male) |
| 3:16 | Create | Villager (Male) |
| 3:16 | Create | Villager (Male) |
| 3:17 | Create | Villager (Male) |
| 3:20 | Create | Villager (Male) |
| 3:21 | Create | Villager (Male) |
| 3:21 | Create | Villager (Male) |
| 3:21 | Create | Villager (Male) |
| 3:22 | Create | Villager (Male) |
| 3:22 | Create | Villager (Male) |
| 3:22 | Create | Villager (Male) |
| 3:23 | Create | Villager (Male) |
| 3:23 | Create | Villager (Male) |
| 3:23 | Create | Villager (Male) |
| 3:24 | Create | Villager (Male) |
| 3:24 | Create | Villager (Male) |
| 3:33 | Create | Villager (Male) |
| 3:33 | Create | Villager (Male) |
| 3:34 | Create | Villager (Male) |
| 3:34 | Create | Villager (Male) |
| 3:34 | Create | Villager (Male) |
| 3:35 | Create | Villager (Male) |
| 3:35 | Create | Villager (Male) |
| 3:35 | Create | Villager (Male) |
| 3:36 | Create | Villager (Male) |
| 3:36 | Create | Villager (Male) |
| 3:36 | Create | Villager (Male) |
| 3:37 | Create | Villager (Male) |
| 3:37 | Create | Villager (Male) |
| 3:57 | Build | Town Center |
| 4:13 | Build | Town Center |
| 4:29 | Create | Trade Cart |
| 4:29 | Create | Trade Cart |
| 4:29 | Create | Trade Cart |
| 4:30 | Create | Trade Cart |
| 4:30 | Create | Trade Cart |
| 4:30 | Create | Trade Cart |
| 4:31 | Create | Trade Cart |
| 4:31 | Create | Trade Cart |
| 4:31 | Create | Trade Cart |
| 4:32 | Create | Trade Cart |
| 4:32 | Create | Trade Cart |
| 4:32 | Create | Trade Cart |
| 4:33 | Create | Trade Cart |
| 4:33 | Create | Trade Cart |
| 4:33 | Create | Trade Cart |
| 4:33 | Create | Trade Cart |
| 4:34 | Create | Trade Cart |
| 4:34 | Create | Trade Cart |
| 4:35 | Create | Trade Cart |
| 4:35 | Create | Trade Cart |
| 4:35 | Create | Trade Cart |
| 4:36 | Create | Trade Cart |
| 4:36 | Create | Trade Cart |
| 4:36 | Create | Trade Cart |
| 4:37 | Create | Trade Cart |
| 4:37 | Create | Trade Cart |
| 4:37 | Create | Trade Cart |
| 4:38 | Create | Trade Cart |
| 4:38 | Create | Trade Cart |
| 4:38 | Create | Trade Cart |
| 4:39 | Create | Trade Cart |
| 4:39 | Create | Trade Cart |
Match timeline
| 1:02 | 747894211 · first_building Monastery |
| 2:39 | rob787726 · first_building Monastery |
| 3:14 | muendo · wall_segment Stone Wall x69 |
| 5:08 | peanut · first_building Castle |
| 5:59 | 99_rocketahip · first_building Castle |
| 6:21 | 747894211 · wall_segment Stone Wall x83 |
| 7:50 | 747894211 · wall_segment Stone Wall x63 |
| 9:42 | Peter Aio · wall_segment Stone Wall x36 |
| 9:43 | Peter Aio · wall_segment Stone Wall x6 |
| 9:51 | 747894211 · first_building Castle |
| 9:54 | muendo · first_building Castle |
| 10:10 | Peter Aio · wall_segment Stone Wall x14 |
| 10:12 | Peter Aio · wall_segment Stone Wall x5 |
| 10:17 | Peter Aio · wall_segment Stone Wall x22 |
| 10:39 | tmh5757 · wall_segment Stone Wall x48 |
| 10:39 | rob787726 · first_building Castle |
| 10:51 | 99_rocketahip · first_building Siege Workshop |
| 11:30 | Peter Aio · first_building Stable |
| 11:31 | muendo · wall_segment Stone Wall x70 |
| 11:56 | Skyline · wall_segment Stone Wall x89 |
| 12:05 | muendo · first_building Barracks |
| 12:10 | tmh5757 · wall_segment Stone Wall x64 |
| 12:19 | Peter Aio · wall_segment Stone Wall x7 |
| 12:21 | Peter Aio · wall_segment Stone Wall x3 |
| 12:25 | Peter Aio · wall_segment Stone Wall x14 |
| 12:36 | muendo · first_building Archery Range |
| 12:46 | 99_rocketahip · wall_segment Stone Wall x1 |
| 12:50 | Peter Aio · first_building Archery Range |
| 12:51 | 99_rocketahip · wall_segment Stone Wall x9 |
| 12:56 | 99_rocketahip · wall_segment Stone Wall x5 |
| 13:03 | muendo · first_building Siege Workshop |
| 13:04 | 99_rocketahip · wall_segment Stone Wall x25 |
| 13:11 | 99_rocketahip · wall_segment Stone Wall x20 |
| 13:18 | 99_rocketahip · wall_segment Stone Wall x7 |
| 13:23 | 99_rocketahip · wall_segment Stone Wall x10 |
| 13:28 | 99_rocketahip · wall_segment Stone Wall x4 |
| 13:31 | 99_rocketahip · wall_segment Stone Wall x3 |
| 13:33 | Peter Aio · wall_segment Stone Wall x13 |
| 13:37 | 99_rocketahip · wall_segment Stone Wall x14 |
| 13:38 | Peter Aio · wall_segment Stone Wall x44 |
| 14:20 | Peter Aio · wall_segment Stone Wall x12 |
| 14:21 | Peter Aio · wall_segment Stone Wall x3 |
| 14:27 | Peter Aio · wall_segment Stone Wall x13 |
| 14:31 | Peter Aio · wall_segment Stone Wall x12 |
| 14:31 | muendo · wall_segment Stone Wall x11 |
| 14:32 | Peter Aio · wall_segment Stone Wall x8 |
| 14:34 | Peter Aio · wall_segment Stone Wall x9 |
| 14:36 | 747894211 · first_building Siege Workshop |
| 14:37 | muendo · wall_segment Stone Wall x26 |
| 14:50 | muendo · wall_segment Stone Wall x37 |
| 14:50 | Peter Aio · first_building Siege Workshop |
| 14:58 | 747894211 · first_building Stable |
| 15:14 | peanut · first_building Siege Workshop |
| 15:20 | 747894211 · wall_segment Stone Wall x28 |
| 16:46 | Skyline · wall_segment Stone Wall x12 |
| 16:59 | Skyline · first_building Castle |
| 17:06 | muendo · wall_segment Stone Wall x73 |
| 17:15 | Peter Aio · wall_segment Stone Wall x4 |
| 17:15 | muendo · wall_segment Stone Wall x26 |
| 17:18 | Peter Aio · wall_segment Stone Wall x34 |
| 17:20 | muendo · wall_segment Stone Wall x24 |
| 17:25 | 99_rocketahip · wall_segment Stone Wall x14 |
| 17:31 | 99_rocketahip · wall_segment Stone Wall x17 |
| 17:39 | 99_rocketahip · wall_segment Stone Wall x3 |
| 18:13 | tmh5757 · wall_segment Stone Wall x7 |
| 18:13 | 99_rocketahip · wall_segment Stone Wall x18 |
| 18:25 | 99_rocketahip · wall_segment Stone Wall x17 |
| 18:53 | 99_rocketahip · wall_segment Stone Wall x9 |
| 19:03 | peanut · wall_segment Stone Wall x74 |
| 19:11 | Skyline · wall_segment Stone Wall x44 |
| 19:14 | rob787726 · wall_segment Stone Wall x2 |
| 19:22 | peanut · wall_segment Stone Wall x15 |
| 19:43 | Skyline · first_building Stable |
| 19:44 | 747894211 · wall_segment Stone Wall x38 |
| 20:00 | tmh5757 · wall_segment Stone Wall x22 |
| 20:22 | tmh5757 · wall_segment Palisade Wall x17 |
| 20:40 | tmh5757 · wall_segment Stone Wall x14 |
| 20:56 | tmh5757 · wall_segment Palisade Wall x15 |
| 20:57 | rob787726 · wall_segment Stone Wall x37 |
| 21:48 | rob787726 · first_building Siege Workshop |
| 21:52 | tmh5757 · first_building Castle |
| 21:55 | tmh5757 · first_building Archery Range |
| 22:08 | peanut · wall_segment Stone Wall x6 |
| 23:10 | Skyline · wall_segment Stone Wall x4 |
| 23:18 | Skyline · wall_segment Stone Wall x39 |
| 23:23 | tmh5757 · wall_segment Stone Wall x34 |
| 23:38 | tmh5757 · first_building Siege Workshop |
| 24:16 | tmh5757 · first_building Barracks |
| 24:31 | rob787726 · first_building Stable |
| 25:01 | Skyline · first_building Siege Workshop |
| 44:13 | tmh5757 · wall_segment Palisade Wall x18 |
| 47:04 | Peter Aio · first_building Castle |
| 50:38 | Peter Aio · resign |
[ AI ANALYSIS · 1 CREDIT ]
What really happened in this match?
Wolo.gg analyzes every decision: build order, eco, micro, common mistakes by bracket. Personalized analysis on WhatsApp or Discord in 30 seconds.
Civ guide
Burgundians
Perfil
tmh5757